 Dungeon Crawl Stone Soup version 0.31.0-1-g2c135a0 (webtiles) character file.

Game seed: 9745633129600636851

4 bonegar the Sneak (level 1, -4/15 HPs)
             Began as a Naga Enchanter on Feb 17, 2024.
             Slain by a goblin
             ... wielding a +0 club
              (5 damage)
             ... on level 1 of the Dungeon.
             The game lasted 00:01:07 (146 turns).

bonegar the Sneak (Naga Enchanter)                   Turns: 146, Time: 00:01:08

Health: -4/15      AC:  1    Str: 10    XL:     1   Next: 60%
Magic:  3/3        EV:  9    Int: 15    God:
Gold:   25         SH:  0    Dex: 11    Spells: 4/4 levels left

rFire   . . .        a - +1 dagger
rCold   . . .        (no shield)
rNeg    . . .        b - +0 robe
rPois   +            (no helmet)
rElec   .            (no cloak)
rCorr   .            (no gloves)
SInv    +            (no barding)
Will    .....        (no amulet)
Stlth   ++           (no ring)
HPRegen 0.22/turn    (no ring)
MPRegen 0.08/turn

%: no passive effects
@: very slow
A: AC +0, large, see invisible, deformed body, poison resistance, slowness 2,
spit poison 1, naga tail 1
a: Spit Poison


You were on level 1 of the Dungeon.
You visited 1 branch of the dungeon, and saw 1 of its levels.

You collected 25 gold pieces.

Inventory:

Hand Weapons
 a - a +1 dagger (weapon)
Armour
 b - a +0 robe (worn)
Potions
 c - 2 potions of invisibility
 d - a potion of might {unknown}


   Skills:
 + Level 1.1 Short Blades
 + Level 1.6 Dodging
 + Level 4.5 Stealth
 + Level 2.0 Spellcasting
 + Level 3.0 Hexes


You had 4 spell levels left.
You didn't know any spells.
Your spell library contained the following spells:

 Spells                   Type           Power      Damage    Failure   Level
 Ensorcelled Hibernation  Hex/Ice        12%        N/A       19%         2
 Confusing Touch          Hex            10%        N/A       19%         3
 Tukima's Dance           Hex            10%        N/A       19%         3
 Dazzling Flash           Conj/Hex       12%        N/A       34%         3


Dungeon Overview and Level Annotations

Branches:
Dungeon (1/15)

Altars:


Innate Abilities, Weirdness & Mutations

Your serpentine skin is tough. (AC +0)
You have supernaturally acute eyesight. (SInv)
Armour fits poorly on your strangely shaped body.
Your system is resistant to poisons. (rPois)
You cover ground very slowly.
You can spit poison.
You have a snake-like lower body.


Message History

You now have 25 gold pieces (gained 15).
There are no items here.
There are no items here.
HP restored.
Found 5 stones. 2 jackals come into view.
The helpless jackal fails to defend itself.
You puncture the jackal!
You kill the jackal!
The helpless jackal fails to defend itself.
You puncture the jackal!
You kill the jackal!
You see here a jackal corpse.
Found a viscous amethyst potion.
d - a viscous amethyst potion
Found a robe.
A goblin comes into view. It is wielding a +0 club.
The goblin shouts!
You hear an angry hiss.
A frilled lizard comes into view.
You closely miss the goblin. The goblin hits you with a +0 club.
You hit the goblin.
The goblin is moderately wounded.
The goblin hits you with a +0 club. The goblin attacks as it pursues you!
The goblin hits you with a +0 club.
You hit the goblin.
The goblin is severely wounded.
The goblin completely misses you.
You closely miss the goblin.
The goblin is severely wounded.
The goblin hits you with a +0 club.
You closely miss the goblin.
The goblin is severely wounded.
The goblin hits you with a +0 club.
* * * LOW HITPOINT WARNING * * *
The goblin hits you with a +0 club.
* * * LOW HITPOINT WARNING * * *
You barely miss the goblin.
The goblin is severely wounded.
The goblin hits you with a +0 club.
You die...

... #.................
.##.###..##.###...######
............. ..#
#..##..#...####.# # #.l
#...........# ##.##..
##.#...####.# .......
..##.## #.######
####..[######.# #.......
.......lg@....# ########
####...######## ......#
######


You could see a goblin and a frilled lizard.

Vanquished Creatures
  A hobgoblin (D:1)
  2 jackals (D:1)
3 creatures vanquished.

Notes
Turn   | Place    | Note
-------+----------+-------------------------------------------
     0 | D:1      | bonegar the Naga Enchanter began the quest for the Orb.
     0 | D:1      | Reached XP level 1. HP: 15/15 MP: 3/3
   146 | D:1      | Slain by a goblin

Illustrated notes

Levels and vault maps discovered:
D:1:      dpeg_arrival_leaves_temple_mockup, layout_loops_ring,
          dilly_ecumenical_altar_fadedgnrine

Action                     || total
---------------------------++-------
  Melee: Dagger            ||    12
   Stab: Sleeping          ||     2
 Armour: Robe              ||     9
  Dodge: Dodged            ||     2
